 Dungeon Crawl Stone Soup version 0.24.1-4-ge52af88ad5 (webtiles) character file.

Game seed: 888938102964678557, levelgen mode: deterministic

77 Gabide the Covered (level 4, 0/35 HPs)
             Began as a Human Fighter on Apr 13, 2020.
             Slain by a gnoll sergeant
             ... wielding a +1 spear of piercing
              (2 damage)
             ... on level 2 of the Dungeon.
             The game lasted 00:04:58 (1502 turns).

Gabide the Covered (Human Fighter)                  Turns: 1502, Time: 00:04:59

Health: 0/35       AC:  8    Str: 14 (17) XL:     4   Next: 60%
Magic:  4/4        EV: 12    Int:  7 (8)  God:
Gold:   68         SH:  9    Dex: 16 (18) Spells: 3/3 levels left

rFire    . . .     SeeInvis .   a - +0 flail
rCold    + . .     Gourm    .   c - +0 shield
rNeg     . . .     Faith    .   b - +0 scale mail
rPois    .         Spirit   .   (no helmet)
rElec    .         Reflect  .   (no cloak)
rCorr    .         Harm     .   (no gloves)
MR       .....                  h - +0 pair of boots
Stlth    +.........             (no amulet)
HPRegen  0.11/turn              m - ring of protection from cold
MPRegen  0.09/turn              (no ring)

@: agile
A: no striking features
a: no special abilities


You were on level 2 of the Dungeon.
You were not hungry.

You visited 1 branch of the dungeon, and saw 2 of its levels.

You collected 68 gold pieces.

Inventory:

Hand Weapons
 a - a +0 flail (weapon)
Armour
 b - a +0 scale mail (worn)
 c - a +0 shield (worn)
 h - a +0 pair of boots (worn)
Jewellery
 m - a ring of protection from cold (left hand)
Potions
 d - a potion of brilliance
Comestibles
 f - 3 rations
 g - 2 chunks of flesh


   Skills:
 + Level 3.2 Fighting
 + Level 2.8 Maces & Flails
 + Level 1.0 Throwing
 + Level 3.5 Armour
 + Level 0.6 Dodging
 + Level 0.2 Stealth
 + Level 3.4 Shields


You had 3 spell levels left.
You didn't know any spells.
Your spell library was empty.

Dungeon Overview and Level Annotations

Branches:
Dungeon (2/15)

Altars:


Message History

The gnoll sergeant hits you with a +1 spear of piercing.
The gnoll misses you.
The gnoll sergeant hits you but does no damage.
You hit the gnoll sergeant but do no damage.
The gnoll sergeant is moderately wounded.
The gnoll sergeant completely misses you.
You block the gnoll's attack.
You closely miss the gnoll sergeant.
The gnoll sergeant is moderately wounded.
The gnoll sergeant barely misses you. The gnoll closely misses you.
The gnoll sergeant blocks your attack.
The gnoll sergeant is moderately wounded.
You block the gnoll sergeant's attack. You block the gnoll's attack.
You block the gnoll sergeant's attack.
You hit the gnoll sergeant.
The gnoll sergeant is moderately wounded.
The gnoll hits you from afar with a +0 halberd!
The gnoll sergeant hits you with a +1 spear of piercing!
* * * LOW HITPOINT WARNING * * *
You die...

##.####### #.# #.# ####.# ###
#.)..# #.. #.#### #.# #.# #.# #.#
#.# #.# #.# #@# #.# #.# #g# #.#
#.# #g# #.# . #.##########g######
#.# .. #####..........ggg....#
#.###... ..........#####.......#
#.......
#########.#####....g..####g...g..
#..............g(((g.(...
#######......g########...


You could see a gnoll sergeant and 5 gnolls.

Vanquished Creatures
  Terence (D:2)
  An adder (D:2)
  A worm (D:2)
  3 dart slugs
  A leopard gecko (D:1)
  2 giant cockroaches (D:2)
  5 goblins
  6 hobgoblins
  A quokka (D:2)
  2 ball pythons
  A bat (D:1)
  4 frilled lizards
  A kobold (D:1)
  5 rats
34 creatures vanquished.

Notes
Turn   | Place    | Note
-------+----------+-------------------------------------------
     0 | D:1      | Gabide the Human Fighter began the quest for the Orb.
     0 | D:1      | Reached XP level 1. HP: 18/18 MP: 1/1
    69 | D:1      | Reached XP level 2. HP: 24/24 MP: 2/2
   412 | D:1      | Reached XP level 3. HP: 29/29 MP: 3/3
  1025 | D:2      | Found a faded altar of an unknown god.
  1362 | D:2      | Noticed Terence
  1371 | D:2      | Killed Terence
  1371 | D:2      | Reached skill level 1 in Throwing
  1371 | D:2      | Reached XP level 4. HP: 35/35 MP: 4/4
  1430 | D:2      | Noticed a gnoll sergeant
  1502 | D:2      | Slain by a gnoll sergeant

Levels and vault maps discovered:
D:1:      matt_arrival_grand_opening, layout_basic
D:2:      layout_loops_ring, chequers_ecumenical_altar_simple, uniq_terence

Skill      XL: |  1  2  3 |
---------------+----------+-----
Throwing       | 1 |  1.0
Fighting       | |  3.2
Maces & Flails | |  2.8
Armour         | |  3.5
Dodging        | |  0.6
Stealth        | |  0.2
Shields        | |  3.4

Action                   |  1- 3 |  4- 6 || total
-------------------------+-------+-------++-------
Melee: Flail             |    94 |    16 ||   110
Throw: Stone             |    38 |    30 ||    68
  Use: Scroll            |     3 |     1 ||     4
       Potion            |     1 |     4 ||     5
  Eat: Chunk             |     2 |       ||     2
Armor: Scale mail        |    30 |     8 ||    38
       Skin              |       |    29 ||    29
Dodge: Dodged            |    21 |    12 ||    33
Block: Shield            |    33 |    26 ||    59
